 Dungeon Crawl Stone Soup version 0.19.1 (webtiles) character file.

88 empire the Vandal (level 4, -1/45 HPs)
             Began as a Halfling Hunter on Dec 8, 2016.
             Slain by Grinder (4 damage)
             ... on level 3 of the Dungeon.
             The game lasted 00:08:04 (2750 turns).

empire the Vandal (Halfling Hunter)                 Turns: 2750, Time: 00:08:05

Health: -1/45      AC: 22    Str: 13    XL:     4   Next: 81%
Magic:  4/4        EV:  3    Int:  9    God:
Gold:   82         SH:  0    Dex: 15    Spells: 0 memorised, 3 levels left

rFire  . . .     SeeInvis .     b - +0 short sword
rCold  . . .     Gourm    .     (armour currently unavailable)
rNeg   + + +     Faith    .     (shield restricted)
rPois  +         Spirit   .     (helmet currently unavailable)
rElec  .         Reflect  .     (cloak currently unavailable)
rCorr  .         Harm     .     (gloves currently unavailable)
MR     .....     NoTele   +     (boots currently unavailable)
Stlth  ++........               (no amulet)
                                (no ring)
                                (no ring)

@: tree-form, very slightly contaminated, hasted, very quick
A: mutation resistance 1
a: no special abilities


You were on level 3 of the Dungeon.
You were not hungry.
You were a tree.
You visited 1 branch of the dungeon, and saw 3 of its levels.

You collected 82 gold pieces.

Inventory:

Hand Weapons
 a - a +1 hunting sling
 b - a +0 short sword (weapon)
 i - a +0 dagger
 l - a +1 hunting sling of velocity
Missiles
 d - 8 sling bullets
 j - 9 poisoned needles
 k - 70 stones (quivered)
Armour
 c - a +0 leather armour (melded)
 g - a +1 helmet (melded)
 h - a +0 chain mail
Scrolls
 n - 3 scrolls of identify
Comestibles
 f - 2 bread rations
 m - 3 meat rations
 p - 3 chunks of flesh


   Skills:
 + Level 2.5 Fighting
 + Level 0.0 Short Blades
 + Level 6.7 Slings
 + Level 0.0 Armour
 + Level 3.1 Dodging
 + Level 2.2 Stealth


You had 3 spell levels left.
You didn't know any spells.

Dungeon Overview and Level Annotations

Branches:
Dungeon (3/15)

Altars:
Uskayaw
Yredelemnul

Annotations:
D:3 Grinder


Innate Abilities, Weirdness & Mutations

You are small and have problems with some larger weapons.
You are somewhat resistant to further mutation.


Message History

You closely miss Grinder.
Grinder is moderately wounded.
Grinder hits you but does no damage.
You hit Grinder.
Grinder is moderately wounded.
Grinder hits you but does no damage.
You hit Grinder.
Grinder is heavily wounded.
You barely miss Grinder.
Grinder is heavily wounded.
Grinder hits you but does no damage.
You hit Grinder.
Grinder is heavily wounded.
Grinder hits you but does no damage.
You hit Grinder.
Grinder is severely wounded.
You closely miss Grinder.
Grinder is severely wounded.
Grinder hits you.
You die...

#### ####...### #####
##...._...# ...#
#.........#
#.##########..........
#.............♣..⌠....
###..########.#..5......
.....# #.##.......#
###.## #.##..._...# #.#
..........## ###.##.#
#.######..# .......# #.#
.## ###........ #.# # #
#########


You could see Grinder.

Vanquished Creatures
  An adder (D:2)
  An ooze (D:2)
  3 worms (D:2)
  3 dart slugs
  3 leopard geckos (D:1)
  3 giant cockroaches
  6 goblins
  3 hobgoblins
  9 jackals
  3 kobolds
  A quokka (D:2)
  2 bats
  14 frilled lizards
  5 rats
57 creatures vanquished.

Notes
Turn   | Place    | Note
-------+----------+-------------------------------------------
     0 | D:1      | empire the Halfling Hunter began the quest for the Orb.
     0 | D:1      | Reached XP level 1. HP: 14/14 MP: 1/1
   186 | D:1      | Reached XP level 2. HP: 14/19 MP: 2/2
   243 | D:1      | You fall through a shaft!
   294 | D:1      | Reached skill level 6 in Slings
   542 | D:1      | Reached XP level 3. HP: 13/24 MP: 3/3
  1343 | D:2      | Reached XP level 4. HP: 12/29 MP: 4/4
  2722 | D:3      | Found a basalt altar of Yredelemnul.
  2722 | D:3      | Found a hide-covered altar of Uskayaw.
  2722 | D:3      | Noticed Grinder
  2730 | D:3      | Paralysed by Grinder for 6 turns
  2737 | D:3      | HP: 2/45 [Grinder (2)]
  2750 | D:3      | Slain by Grinder

Skill      XL: |  1  2  3  4 |
---------------+-------------+-----
Fighting       | 2 |  2.5
Slings         | 6 |  6.7
Stealth        | 2 |  2.2
Dodging        | 3 |  3.1

Action                   |  1- 3 |  4- 6 || total
-------------------------+-------+-------++-------
Melee: Short sword       |    88 |    90 ||   178
 Fire: Hunting sling     |    37 |    20 ||    57
Throw: Stone             |     1 |       ||     1
  Use: Scroll            |     5 |     4 ||     9
       Potion            |     1 |     2 ||     3
 Stab: Sleeping          |     1 |     1 ||     2
  Eat: Chunk             |     1 |     5 ||     6
Armor: Leather armour    |    31 |    26 ||    57
       Skin              |       |     5 ||     5
Dodge: Dodged            |   104 |    74 ||   178
